 Dungeon Crawl Stone Soup version 0.25-a0-424-g80bd347ae0 (webtiles) character file.

Game seed: 12959430979330885359, levelgen mode: deterministic

109586 zorance the Fighter (level 16, -15/170 HPs)
             Began as an Ogre Venom Mage on Jan 21, 2020.
             Was a High Priest of Ashenzari.
             Killed from afar by a storm dragon (48 damage)
             ... with a bolt of lightning
             ... on level 14 of the Dungeon.
             The game lasted 02:38:23 (43386 turns).

zorance the Fighter (Ogre Venom Mage)              Turns: 43386, Time: 02:38:24

Health: -15/170    AC:  6    Str: 16    XL:     16   Next: 52%
Magic:  6/32       EV: 20    Int: 14    God:    Ashenzari [*****.]
Gold:   2661       SH: 13    Dex: 18    Spells: 16/39 levels left

rFire    + . .     SeeInvis +   B - +0 falchion (elec) (curse)
rCold    + . .     Gourm    .   Z - +0 shield
rNeg     . . .     Faith    .   Q - +2 robe of Vines {NoPotionHeal Regen+7}
rPois    .         Spirit   .   p - +1 hat of Divine Intervention {+Inv MR+ Int-4}
rElec    .         Reflect  +   M - scarf {cloud immunity}
rCorr    .         Harm     .   (gloves unavailable)
MR       +++..     Clarity  +   (boots unavailable)
Stlth    ++........             I - +2 amulet of reflection (curse)
HPRegen  3.18/turn              J - ring "Suoxory" {*Drain rF+ rC+ EV+3 Dex+6} (curse)
MPRegen  0.23/turn              r - ring of protection from magic

@: no status effects
A: large, unfitting armour, tough skin 1
a: Curse Item, Scrying, Transfer Knowledge, Renounce Religion, Evoke
Invisibility


You were on level 14 of the Dungeon.
You worshipped Ashenzari.
Ashenzari was extremely pleased with you.
You were not hungry.

You visited 4 branches of the dungeon, and saw 23 of its levels.
You also visited: Volcano.

You collected 3836 gold pieces.
You spent 1175 gold pieces at shops.

Inventory:

Hand Weapons
 B - a cursed +0 falchion of electrocution (weapon)
 U - the cursed +1 falchion of Absolution {vorpal, rF+ rC- Str+4}
   (You found it on level 12 of the Dungeon)

   It inflicts extra damage upon your enemies.
   It affects your strength (+4).
   It protects you from fire.
   It makes you vulnerable to cold.
   It has a curse placed upon it.
Missiles
 y - 13 atropa-tipped darts (quivered)
 R - 16 large rocks
 V - 5 curare-tipped darts
Armour
 d - the +1 robe of Tulips {rPois rC- Slay+2}
   (You found it on level 2 of the Lair of Beasts)

   It affects your accuracy and damage with ranged weapons and melee attacks
   (+2).
   It makes you vulnerable to cold.
   It protects you from poison.
 p - the +1 hat of Divine Intervention (worn) {+Inv MR+ Int-4}
   (You found it in a volcano)

   It affects your intelligence (-4).
   It affects your resistance to hostile enchantments.
   It lets you turn invisible.
 E - the +0 cloak "Qaelodaf" {rPois Int+3}
   (You bought it in a shop on level 4 of the Dungeon)

   It affects your intelligence (+3).
   It protects you from poison.
 H - a +2 robe of the Archmagi
 M - a scarf of cloud immunity (worn)
 P - the +1 troll leather armour of the Vaults {rElec Regen+ Str+3}
   (You bought it in a shop on level 2 of the Orcish Mines)

   It affects your strength (+3).
   It insulates you from electricity.
   It increases your rate of regeneration.
 Q - the +2 robe of Vines (worn) {NoPotionHeal Regen+7}
   (You found it on level 12 of the Dungeon)

   It increases your rate of regeneration.
 Z - a +0 shield (worn)
Jewellery
 a - a +6 ring of evasion
 r - a ring of protection from magic (right hand)
 I - a cursed +2 amulet of reflection (around neck)
 J - the cursed ring "Suoxory" (left hand) {*Drain rF+ rC+ EV+3 Dex+6}
   (You found it on level 10 of the Dungeon)

   [ring of evasion]

   It affects your evasion (+3).
   It affects your dexterity (+6).
   It protects you from fire.
   It protects you from cold.
   It causes draining when unequipped.
   It has a curse placed upon it.
 S - an uncursed ring of resist corrosion
Wands
 i - a wand of clouds (6)
 C - a wand of scattershot (6)
 D - a wand of iceblast (31)
 F - a wand of flame (10)
 K - a wand of disintegration (22)
 T - a wand of enslavement (6)
 X - a wand of paralysis (5)
Scrolls
 c - 13 scrolls of teleportation
 g - 5 scrolls of identify
 h - 4 scrolls of magic mapping
 m - 3 scrolls of enchant weapon
 n - 8 scrolls of amnesia
 o - 5 scrolls of enchant armour
 q - a scroll of torment
 t - 8 scrolls of remove curse
 w - 3 scrolls of fear
 z - a scroll of brand weapon
 A - a scroll of blinking
 L - 3 scrolls of immolation
 N - a scroll of holy word
 O - a scroll of silence
 Y - a scroll of fog
Potions
 b - 3 potions of agility
 j - 2 potions of resistance
 k - 7 potions of curing
 l - 3 potions of brilliance
 s - 5 potions of berserk rage
 u - 4 potions of mutation
 v - 3 potions of haste
 x - 2 potions of heal wounds
 G - 4 potions of might
 W - 2 potions of magic
Comestibles
 e - 34 rations
 f - 2 chunks of flesh


   Skills:
 + Level 13.4 Fighting
 - Level 11.8(15.5) Long Blades
 + Level 10.2 Dodging
 - Level 1.4 Stealth
 - Level 9.0 Shields
 + Level 12.2 Spellcasting
 - Level 5.7(8.4) Conjurations
 - Level 3.5(5.9) Hexes
 - Level 2.2(4.3) Summonings
 - Level 3.7(6.1) Translocations
 - Level 0.8(2.2) Transmutations
 - Level 2.6(4.8) Fire Magic
 - Level 5.0(7.6) Air Magic
 - Level 9.0(11.5) Poison Magic
 - Level 0.7(2.0) Evocations


You had 16 spell levels left.
You knew the following spells:

 Your Spells              Type           Power        Failure   Level  Hunger
a - Searing Ray           Conj           ####..       1%          2    None
b - Poisonous Vapours     Pois/Air       #####.       1%          2    None
c - Mephitic Cloud        Conj/Pois/Air  ####....     1%          3    None
d - Call Imp              Summ           ###.....     2%          2    None
e - Dazzling Flash        Conj/Hex       ####..       1%          3    None
f - Slow                  Hex            ####....     1%          2    None
g - Ignite Poison         Fire/Tmut/Pois ####....     1%          3    None
h - Olgreb's Toxic Radia  Pois           #####...     1%          4    ###....
t - Blink                 Tloc           N/A          1%          2    None

Your spell library contained the following spells:

 Spells                   Type           Power        Failure   Level  Hunger
 Magic Dart               Conj           ####         1%          1    None
 Sting                    Tmut/Pois      ####         1%          1    None
 Conjure Flame            Conj/Fire      ####....     1%          3    None
 Stone Arrow              Conj/Erth      ###...       4%          3    None
 Fulminant Prism          Conj/Hex       ####......   4%          4    ###....
 Iskenderun's Mystic Bla  Conj/Tloc      ####....     4%          4    ###....
 Sandblast                Erth           #.....       8%          1    None
 Passwall                 Tmut/Erth      ##......     8%          2    None
 Petrify                  Tmut/Erth      ##......     43%         4    ###....
 Lee's Rapid Deconstruct  Erth           #.........   90%         5    #####..


Dungeon Overview and Level Annotations

Branches:
Dungeon (14/15)            Temple (1/1) D:5            Lair (6/6) D:8
  Swamp (0/4) Lair:4       Spider (0/4) Lair:2        Slime (0/5) Lair:5
    Orc (2/2) D:10            Elf (0/3) Orc:2       Volcano (visited)
 Vaults: D:13-14

Altars:
Ashenzari
Cheibriados
Dithmenos
Elyvilon
Fedhas
Gozag
Hepliaklqana
Kikubaaqudgha
Makhleb
Nemelex Xobeh
Okawaru
Qazlal
Ru
Sif Muna
Trog
Uskayaw
Vehumet
Wu Jian
Xom
Yredelemnul
Zin
The Shining One
Beogh
Jiyva

Shops:
D:4 [   Orc:2 *[(?

Annotations:
D:8 3 runed translucent doors, exclusion: 2 doors, Error4North's ghost, novice HOFi
Lair:1 exclusion: 4 oklob plants


Innate Abilities, Weirdness & Mutations

You are too large for most types of armour.
You have tough skin. (AC +1)


Message History

The storm dragon breathes lightning at you.
The bolt of lightning hits you!!
* * * LOW HITPOINT WARNING * * *
Casting: Mephitic Cloud (safe; 1% risk of failure)
Confirm with . or Enter, or press ? or * to list all spells.
Aiming: Mephitic Cloud (safe; 1% risk of failure)
Press: ? - help, Shift-Dir - straight line The ball explodes into a vile cloud!
The stinking cloud engulfs you but does no damage.
Your crimson imp blinks!
The frost giant points at you and mumbles some strange words.
The bolt of cold hits you! You resist.
* * * LOW HITPOINT WARNING * * *
Casting: Mephitic Cloud (safe; 1% risk of failure)
Confirm with . or Enter, or press ? or * to list all spells.
You ignite the poison in your surroundings!
The storm dragon breathes lightning at you.
The bolt of lightning hits the gargoyle!
The gargoyle resists.
The bolt of lightning hits you!!!
You die...

,
,,,,........#
,,,
,........#
#######.# *
,* #.# * * *
#######.# , ,
,........#
,,, ,,
^.......# ,
**#######.#
#@# * #○# ,*
#☼# *
##########9#
,,
,........).C#
,
,.....{...D.#
,,,
,.......D...#
,
...........#
,
...........#


You could see a storm dragon, a frost giant and a gargoyle.

Vanquished Creatures
  Saint Roka (Orc:1)
  Kirke (D:11)
  A dire elephant (Lair:2)
  A red draconian (Volcano)
  An ogre mage (Volcano)
  A rakshasa (D:12)
  6 hydras
  4 catoblepae
  3 centaur warriors
  8 two-headed ogres
  5 death yaks
  A tengu warrior (D:13)
  Urug (D:13)
  2 orc high priests (Orc:2)
  Sonja (D:11)
  4 unseen horrors
  2 orc knights
  A deep elf mage (D:13)
  4 orc sorcerers
  A wolf spider (D:11)
  2 cyclopes (D:11)
  3 manticores
  5 elephants
  Maurice (D:12)
  A black mamba (Lair:3)
  A molten gargoyle (Volcano)
  26 spiny frogs
  3 rime drakes
  3 komodo dragons
  A tengu conjurer (D:14)
  8 trolls
  4 tyrant leeches (Lair:6)
  A polar bear (Lair:3)
  2 bog bodies (Lair:4)
  A hornet (D:8)
  7 slime creatures
  22 blink frogs
  8 hippogriffs
  Sigmund (D:5)
  3 redbacks (Lair:2)
  A shadow (D:12)
  A tarantella (shapeshifter) (D:12)
  36 yaks
  2 fire bats (Volcano)
  7 wyverns
  3 basilisks
  5 hogs (D:12)
  7 vampire mosquitoes
  5 wargs
  Menkaure (D:5)
  A hungry ghost (D:14)
  A swamp worm (Lair:4)
  18 water moccasins
  An acid dragon (D:13)
  2 hell hounds (Lair:5)
  33 orc warriors
  7 porcupines
  2 black bears (D:8)
  An eye of draining (D:12)
  3 sky beasts
  2 ice beasts
  2 necrophages (D:8)
  A phantom (D:7)
  12 ogres
  14 wolves
  8 centaurs
  10 crocodiles
  2 big kobolds
  36 bullfrogs
  An elf skeleton (D:10)
  A gnoll sergeant (D:12)
  An elf zombie (D:10)
  A wyvern skeleton (D:11)
  A scorpion (D:11)
  15 wights
  5 killer bees
  4 howler monkeys
  7 electric eels
  A bullfrog zombie (D:13)
  8 lava snakes (Volcano)
  5 crimson imps
  A centaur zombie (D:12)
  6 human zombies (D:10)
  11 jellies
  A gnoll shaman (D:9)
  8 hounds
  23 orc priests
  6 centaur skeletons
  2 iguanas
  35 orc wizards
  Crazy Yiuf (D:5)
  2 bullfrog skeletons
  13 worker ants
  A human skeleton (D:10)
  A hound zombie (D:6)
  2 hound skeletons
  2 mummies (D:10)
  7 gnolls
  13 adders
  2 howler monkey skeletons
  4 shadow imps
  5 oozes (D:9)
  An adder zombie (D:7)
  2 adder skeletons
  5 worms
  6 dart slugs
  7 leopard geckos
  106 orcs
  5 bats
  6 giant cockroaches
  9 goblins
  6 hobgoblins
  12 jackals
  19 kobolds
  5 quokkas
  2 ball pythons
  5 frilled lizards
  A giant cockroach zombie (D:6)
  6 rats
  A fungus (Lair:6)
776 creatures vanquished.

Vanquished Creatures (collateral kills)
  A hydra (Lair:6)
  A molten gargoyle (Volcano)
2 creatures vanquished.

Vanquished Creatures (others)
  A human (D:12)
  A centaur (D:12)
  27 fungi
  59 plants
  9 toadstools (Lair:2)
97 creatures vanquished.

Grand Total: 875 creatures vanquished

Notes
Turn   | Place    | Note
-------+----------+-------------------------------------------
     0 | D:1      | zorance the Ogre Venom Mage began the quest for the Orb.
     0 | D:1      | Reached XP level 1. HP: 16/16 MP: 3/3
   233 | D:1      | Reached XP level 2. HP: 22/24 MP: 0/5
   265 | D:1      | Learned a level 2 spell: Poisonous Vapours
  1094 | D:1      | Reached XP level 3. HP: 31/31 MP: 5/7
  1669 | D:1      | Reached skill level 1 in Air Magic
  2250 | D:2      | Reached XP level 4. HP: 19/39 MP: 1/8
  3784 | D:3      | Reached XP level 5. HP: 45/45 MP: 3/10
  5296 | D:4      | Reached XP level 6. HP: 37/53 MP: 0/11
  5395 | D:4      | Learned a level 3 spell: Mephitic Cloud
  5399 | D:4      | Learned a level 3 spell: Ignite Poison
  5934 | D:4      | Found Ettom's Antique Armour Emporium.
  6054 | D:4      | Reached skill level 5 in Poison Magic
  6430 | D:5      | Entered Level 5 of the Dungeon
  6489 | D:5      | Noticed Sigmund
  6504 | D:5      | Killed Sigmund
  6504 | D:5      | Reached XP level 7. HP: 49/59 MP: 4/14
  6616 | D:5      | Found a glowing silver altar of Zin.
  6806 | D:5      | Found a runed translucent door.
  6807 | D:5      | Noticed Crazy Yiuf
  6818 | D:5      | Killed Crazy Yiuf
  6958 | D:5      | Found a staircase to the Ecumenical Temple.
  6972 | Temple   | Entered the Ecumenical Temple
  7143 | Temple   | Became a worshipper of Ashenzari the Shackled
  7319 | D:5      | Reached skill level 5 in Spellcasting
  7535 | D:5      | Found a white marble altar of Elyvilon.
  7604 | D:5      | Noticed Menkaure
  7629 | D:5      | Killed Menkaure
  7981 | D:5      | Learned a level 4 spell: Olgreb's Toxic Radiance
  8167 | D:6      | Reached XP level 8. HP: 67/67 MP: 10/16
  9725 | D:6      | Reached XP level 9. HP: 58/74 MP: 4/19
 11411 | D:7      | Found an iron altar of Okawaru.
 11419 | D:7      | Found a shadowy altar of Dithmenos.
 11699 | D:7      | Reached skill level 1 in Fighting
 11916 | D:7      | Reached * piety under Ashenzari
 12038 | D:7      | Found an ornate altar of the Wu Jian Council.
 12173 | D:8      | Found a radiant altar of Vehumet.
 12210 | D:8      | Reached skill level 2 in Fighting
 12234 | D:8      | Reached skill level 3 in Fighting
 12740 | D:8      | Reached skill level 4 in Fighting
 13003 | D:8      | Noticed a two-headed ogre
 13010 | D:8      | Killed a two-headed ogre
 13010 | D:8      | Reached skill level 6 in Fighting
 13010 | D:8      | Reached XP level 10. HP: 99/99 MP: 6/23
 13143 | D:8      | Found a runed translucent gate.
 13143 | D:8      | Found a runed translucent gate.
 13144 | D:8      | Noticed Error4North's ghost (novice HOFi)
 13144 | D:8      | Noticed a nine-headed hydra
 13146 | D:8      | Found a runed translucent gate.
 13243 | D:8      | Found a staircase to the Lair.
 13608 | D:8      | Reached skill level 7 in Fighting
 13975 | D:4      | Bought a faintly humming cloak for 247 gold pieces
 13985 | D:4      | Identified the +0 cloak "Qaelodaf" {rPois Int+3} (You
                  | bought it in a shop on level 4 of the Dungeon)
 14359 | D:9      | Reached skill level 1 in Long Blades
 14561 | D:9      | Noticed a two-headed ogre
 14575 | D:9      | Killed a two-headed ogre
 14575 | D:9      | Reached skill level 5 in Air Magic
 15351 | D:9      | Reached skill level 10 in Spellcasting
 15502 | D:9      | Reached skill level 8 in Fighting
 15646 | D:9      | Found a viscous altar of Jiyva.
 15882 | D:10     | Entered Level 10 of the Dungeon
 16131 | D:10     | Noticed an unseen horror
 16146 | D:10     | Killed an unseen horror
 16146 | D:10     | Reached XP level 11. HP: 44/111 MP: 18/25
 16447 | D:10     | Reached skill level 5 in Long Blades
 16657 | D:10     | Identified a scroll of acquirement
 16735 | D:10     | Identified the cursed ring "Amuu" {rC+ Str+4 Int+3} (You
                  | acquired it on level 10 of the Dungeon)
 16805 | D:10     | Reached skill level 9 in Fighting
 17224 | D:10     | Identified the ring "Suoxory" {*Drain rF+ rC+ EV+3 Dex+6}
 17477 | D:10     | Found a staircase to the Orcish Mines.
 17819 | D:10     | Found a basalt altar of Yredelemnul.
 18726 | D:4      | Bought a glowing scarf for 208 gold pieces
 19217 | D:11     | Reached ** piety under Ashenzari
 19407 | D:11     | Noticed an orc knight
 19407 | D:11     | Noticed a cyclops
 19409 | D:11     | Found the amulet of the Air {Inacc +Fly rElec EV+5 RMsl}
 19409 | D:11     | Identified the +5 scimitar of Xowa {flame, Str+8 Dex-3}
 19412 | D:11     | Identified the cursed +2 great sword of Wotuwun {vorpal,
                  | rPois Dex+4}
 19413 | D:11     | Killed a cyclops
 19419 | D:11     | Reached skill level 10 in Fighting
 19432 | D:11     | Killed an orc knight
 19559 | D:11     | Noticed a cyclops
 19572 | D:11     | Killed a cyclops
 19649 | D:11     | Noticed a wolf spider
 19655 | D:11     | Killed a wolf spider
 20152 | D:11     | Learned a level 2 spell: Blink
 20155 | D:11     | Learned a level 2 spell: Slow
 20204 | D:11     | Noticed Sonja
 20209 | D:11     | Killed Sonja
 20209 | D:11     | Reached skill level 1 in Translocations
 20219 | D:11     | Killed an unseen horror
 20267 | D:11     | Noticed an unseen horror
 20273 | D:11     | Killed an unseen horror
 20485 | D:11     | Reached XP level 12. HP: 124/124 MP: 8/26
 20634 | D:12     | Noticed Kirke
 20636 | D:12     | Noticed Maurice
 20644 | D:11     | Killed Kirke
 20797 | D:12     | Identified the cursed +1 falchion of Absolution {vorpal,
                  | rF+ rC- Str+4}
 20874 | D:12     | Noticed a five-headed hydra
 20887 | D:12     | Killed a five-headed hydra
 20887 | D:12     | Reached skill level 1 in Hexes
 21306 | D:12     | Noticed a vampire knight
 21394 | Lair:1   | Entered Level 1 of the Lair of Beasts
 21655 | Lair:1   | Reached skill level 5 in Dodging
 21949 | Lair:1   | Identified the cursed +6 quarterstaff of the Gloaming
                  | {vorpal, Int+3} (You acquired it on level 1 of the Lair of
                  | Beasts)
 22003 | Lair:1   | Reached skill level 10 in Long Blades
 23258 | Lair:2   | Reached *** piety under Ashenzari
 23259 | Lair:2   | Reached XP level 13. HP: 131/131 MP: 20/27
 23670 | Lair:2   | Found a hole to the Spider Nest.
 24912 | Lair:2   | Noticed a dire elephant
 24932 | Lair:2   | Found a runed translucent door.
 25028 | Lair:2   | Killed a dire elephant
 25326 | Lair:2   | Got the uncursed robe of Tulips {rPois rC- Slay+2}
 25339 | Lair:2   | Identified the +1 robe of Tulips {rPois rC- Slay+2} (You
                  | found it on level 2 of the Lair of Beasts)
 25475 | Lair:3   | Learned a level 3 spell: Dazzling Flash
 25981 | Lair:3   | Reached skill level 1 in Conjurations
 26503 | Lair:3   | Reached **** piety under Ashenzari
 27939 | Lair:4   | Reached skill level 1 in Shields
 28668 | Lair:4   | Found a staircase to the Swamp.
 29305 | Lair:5   | Reached XP level 14. HP: 132/142 MP: 17/28
 29313 | Lair:5   | Reached skill level 5 in Shields
 29359 | Lair:5   | Found a dark tunnel.
 29469 | Lair:5   | Reached XP level 15. HP: 150/150 MP: 29/29
 29478 | Lair:5   | Learned a level 2 spell: Call Imp
 29480 | Volcano  | Entered a volcano
 29937 | Volcano  | Found a radiant altar of Vehumet.
 29970 | Volcano  | Learned a level 2 spell: Searing Ray
 29991 | Volcano  | Reached skill level 1 in Summonings
 30248 | Volcano  | Got the uncursed hat of Divine Intervention {+Inv MR+
                  | Int-4}
 30666 | Volcano  | Identified the +1 hat of Divine Intervention {+Inv MR+
                  | Int-4} (You found it in a volcano)
 31168 | Lair:5   | Found a staircase to the Slime Pits.
 31736 | Lair:6   | Entered Level 6 of the Lair of Beasts
 32391 | Lair:5   | Reached skill level 11 in Fighting
 33610 | Lair:6   | Reached skill level 5 in Conjurations
 35611 | Lair:6   | Reached skill level 12 in Fighting
 35624 | Lair:6   | Found the +8 frozen axe "Frostbite" {freezing cloud, *Noise
                  | +Fly rC+}
 36049 | Orc:1    | Entered Level 1 of the Orcish Mines
 36310 | Orc:2    | Entered Level 2 of the Orcish Mines
 36382 | Orc:2    | Reached skill level 1 in Fire Magic
 36537 | Orc:2    | Noticed Saint Roka
 37396 | Orc:1    | Killed Saint Roka
 37396 | Orc:1    | Reached XP level 16. HP: 58/165 MP: 0/31
 37720 | Orc:2    | Found Liyhoe's Antique Weapon Boutique.
 37721 | Orc:2    | Found a roughly hewn altar of Beogh.
 37769 | Orc:2    | Found Ochio's Antique Armour Shop.
 37975 | Orc:2    | Bought a jewelled troll leather armour for 720 gold pieces
 37998 | Orc:2    | Identified the +1 troll leather armour of the Vaults {rElec
                  | Regen+ Str+3} (You bought it in a shop on level 2 of the
                  | Orcish Mines)
 38150 | Orc:2    | Found a roughly hewn altar of Beogh.
 38157 | Orc:2    | Found Rijis's Assorted Antiques.
 38290 | Orc:2    | Found a staircase to the Elven Halls.
 38589 | Orc:2    | Found a roughly hewn altar of Beogh.
 38619 | Orc:2    | Reached ***** piety under Ashenzari
 38783 | Orc:2    | Found a roughly hewn altar of Beogh.
 38798 | Orc:2    | Found Hyxushom's Magic Scroll Emporium.
 39654 | D:12     | Killed Maurice
 40715 | D:12     | Found the +2 robe of Vines {NoPotionHeal Regen+7}
 41644 | D:13     | Reached skill level 13 in Fighting
 41701 | D:13     | Noticed Urug
 41715 | D:13     | Killed Urug
 42400 | D:13     | Reached skill level 10 in Dodging
 43356 | D:14     | Noticed a storm dragon
 43386 | D:14     | Killed from afar by a storm dragon

Levels and vault maps discovered:
D:1:      ncdulo_lavacross, layout_basic, serial_glass, glass_columns_b,
          glass_columns_b, minmay_heptomino_h4
D:2:      layout_basic
D:3:      layout_loops_ring
D:4:      layout_basic, serial_shops, shop
D:5:      layout_loops_corners, lemuel_coloured_pillars_altar, elyvilon_altar_4,
          minmay_temple_entry_stoned_glass, first_ration, uniq_sigmund,
          uniq_menkaure, uniq_crazy_yiuf_cottage
D:6:      layout_layer_cave, minmay_pentangle
D:7:      layout_basic, kennysheep_mini, minitemple
D:8:      layout_basic, lemuel_crystal_altar, lair_entry_dummy,
          gammafunk_ghost_hydra_chop
D:9:      layout_big_octagon, hangedman_little_slice_of_home,
          minmay_starry_boxes
D:10:     layout_loops_ring, erik_orc_3, lemuel_mausoleum_altar_yredelemnul
D:11:     minmay_the_grid_octo_2x2 [minmay_the_grid_octo_pinwheel,
          minmay_the_grid_octo_concentric, minmay_the_grid_octo_focus,
          minmay_the_grid_octo_prize_square_snowflake], layout_long_grid,
          uniq_sonja
D:12:     minmay_mutant_horseshoe, layout_cave_pools, st_stairs_5, uniq_maurice,
          uniq_kirke
D:13:     layout_roguey, due_unseen_surprise, uniq_urug
D:14:     layout_long_grid, ximxim_vaults_locker_room, basic_altar,
          serial_park_tiny_pond, hangedman_corner_corridor, uniq_snorg,
          uniq_frances, uniq_jorgrun
Temple:   eino_temple_scatter_basement
Lair:1:   layout_regular_city, serial_bayou_lake_a, minmay_lair_oklob_chamber
Lair:2:   gammafunk_lair_enchanted_lake, layout_long_grid,
          spider_nest_entry_webs, beast_lair_carwin_11, lemuel_fruit_tree
Lair:3:   layout_roguey, st_stairs_6, nicolae_quartered_pool_medium
Lair:4:   nzn_motion_control, layout_regular_city,
          nicolae_swamp_entry_splash_gauntlet
Lair:5:   cheibrodos_lair_river_kwai, layout_cave_pods,
          minmay_slime_entry_pillars, enter_volcano_3
Lair:6:   minmay_lair_end_frog_pond, layout_loops_ring
Orc:1:    layout_diamond_mine
Orc:2:    grunt_orc_community_town_hall, layout_caves,
          grunt_orc_community_big_house_1, grunt_orc_community_big_house_2,
          grunt_orc_community_house_3, grunt_orc_community_house_2,
          grunt_orc_community_house_2, grunt_orc_community_house_3,
          grunt_orc_community_house_3

Skill      XL: |  1  2  3  4  5  6  7  8  9 10 11 12 13 14 15 16 |
---------------+-------------------------------------------------+-----
Poison Magic   | 3 4 5 6 8 9 |  9.0
Air Magic      | 1 2 3 4 5 |  5.0
Spellcasting   | 3 4 5 6 9 10 11 12 | 12.2
Fighting       | 6 8 10 12 13 | 13.4
Long Blades    | 4 8 10 11 | 11.8
Dodging        | 3 5 8 9 10 | 10.2
Translocations | 2 3 |  3.7
Hexes          | 3 |  3.5
Conjurations   | 1 5 |  5.7
Shields        | 4 8 9 |  9.0
Summonings     | 2 |  2.2
Fire Magic     | 2 |  2.6
Stealth        | |  1.4
Transmutations | |  0.8
Evocations     | |  0.7

Action                   |  1- 3 |  4- 6 |  7- 9 | 10-12 | 13-15 | 16-18 || total
-------------------------+-------+-------+-------+-------+-------+-------++-------
Melee: Dagger            |     8 |       |       |       |       |       ||     8
       Short sword       |    10 |     9 |       |       |       |       ||    19
       Hand axe          |       |    29 |       |       |       |       ||    29
       Falchion          |       |    28 |   110 |   391 |   579 |   434 ||  1542
Throw: Dart              |    50 |       |       |       |     2 |       ||    52
 Cast: Sting             |    58 |    29 |       |       |       |       ||    87
       Poisonous Vapours |       |    59 |   103 |   186 |   256 |    41 ||   645
       Mephitic Cloud    |       |     1 |    18 |    44 |    51 |    26 ||   140
       Ignite Poison     |       |     1 |     8 |    36 |    43 |    15 ||   103
       Olgreb's Toxic Ra |       |       |     2 |    22 |    30 |    21 ||    75
       Slow              |       |       |       |     1 |     4 |       ||     5
       Dazzling Flash    |       |       |       |       |     3 |       ||     3
       Searing Ray       |       |       |       |       |    28 |     2 ||    30
       Call Imp          |       |       |       |       |    13 |    20 ||    33
       Blink             |       |       |       |       |     3 |     8 ||    11
Invok: Curse Item        |       |       |       |     3 |       |       ||     3
       Scrying           |       |       |       |       |     1 |       ||     1
  Use: Scroll            |       |     6 |     3 |    17 |     6 |     1 ||    33
       Potion            |       |       |       |       |     4 |       ||     4
 Stab: Confused          |       |       |     2 |     2 |     6 |    13 ||    23
       Sleeping          |       |       |     1 |     1 |     2 |     2 ||     6
       Distracted        |       |       |       |     3 |       |     1 ||     4
  Eat: Chunk             |     4 |    13 |    14 |    23 |    35 |    17 ||   106
       Ration            |       |     1 |     2 |     3 |     4 |     1 ||    11
Armor: Robe              |     7 |    29 |    39 |    39 |    27 |    20 ||   161
       Troll leather arm |       |       |       |    20 |    18 |    13 ||    51
Dodge: Dodged            |    35 |    51 |    71 |   237 |   405 |   186 ||   985
Block: Other             |       |       |       |    13 |    12 |       ||    25
       Reflection        |       |       |       |     1 |     5 |    12 ||    18
       Shield            |       |       |       |       |   183 |   223 ||   406
       Rpst.: Falchion   |       |     5 |    27 |    59 |   104 |    35 ||   230

Table legend:
 A = Non-vault XP
 B = Vault XP
 C = Vault XP percentage of total XP
 D = Non-vault monster count
 E = Vault monster count
 F = Vault count percentage of total count
                 A         B        C        D         E       F
            +---------+---------+-------+---------+---------+-------
      Total |   65422 |   58529 |  47.2 |     516 |     262 |  33.7
            +---------+---------+-------+---------+---------+-------
        D:1 |      39 |      10 |  20.4 |      20 |       4 |  16.7
        D:2 |      66 |       0 |   0.0 |      21 |       0 |   0.0
        D:3 |     136 |       0 |   0.0 |      24 |       0 |   0.0
        D:4 |     296 |       0 |   0.0 |      24 |       0 |   0.0
        D:5 |     149 |     434 |  74.4 |       6 |       3 |  33.3
        D:6 |    1224 |     202 |  14.2 |      24 |       4 |  14.3
        D:7 |     743 |       0 |   0.0 |      21 |       0 |   0.0
        D:8 |    2692 |       0 |   0.0 |      29 |       0 |   0.0
        D:9 |    2049 |     377 |  15.5 |      42 |      12 |  22.2
       D:10 |    1962 |    1137 |  36.7 |      26 |      28 |  51.9
       D:11 |     899 |    8293 |  90.2 |       8 |      26 |  76.5
       D:12 |    4335 |    3809 |  46.8 |      31 |      12 |  27.9
       D:13 |    7910 |     859 |   9.8 |      28 |       1 |   3.4
       D:14 |    2478 |     701 |  22.1 |       8 |       2 |  20.0
     Lair:1 |    6840 |     270 |   3.8 |      37 |       2 |   5.1
     Lair:2 |    3514 |    5887 |  62.6 |      17 |      15 |  46.9
     Lair:3 |    5019 |     919 |  15.5 |      22 |       1 |   4.3
     Lair:4 |    2337 |    2731 |  53.9 |      13 |       7 |  35.0
     Lair:5 |    9945 |    4502 |  31.2 |      32 |      19 |  37.3
     Lair:6 |    7703 |   10334 |  57.3 |      24 |      39 |  61.9
      Orc:1 |    3996 |    5323 |  57.1 |      39 |       2 |   4.9
      Orc:2 |    1090 |    6300 |  85.3 |      20 |      67 |  77.0
    Volcano |       0 |    6441 | 100.0 |       0 |      18 | 100.0
            +---------+---------+-------+---------+---------+-------
